 Dungeon Crawl Stone Soup version 0.30-a0-242-g7bf8e6d787 (webtiles) character file.

Game seed: 2334347814917806047

1149 koil the Covert (level 8, -4/37 HPs)
             Began as a Spriggan Enchanter on Oct 11, 2022.
             Killed from afar by a steam dragon (11 damage)
             ... with a ball of steam
             ... on level 7 of the Dungeon.
             The game lasted 00:14:27 (4271 turns).

koil the Covert (Spriggan Enchanter)                Turns: 4271, Time: 00:14:27

Health: -4/37      AC:  5    Str:  4    XL:     8   Next: 15%
Magic:  16/16      EV: 19    Int: 16    God:
Gold:   130        SH:  0    Dex: 18    Spells: 14/16 levels left

rFire   . . .      SeeInvis +    a - +1 short sword (drain)
rCold   . . .      Faith    .    (no shield)
rNeg    + . .      Spirit   .    y - +2 robe {rN+}
rPois   .          Reflect  .    (helmet restricted)
rElec   .          Harm     .    A - +0 cloak
rCorr   .          Rampage  .    (gloves unavailable)
Will    +....                    (boots unavailable)
Stlth   ++++......               C - amulet of magic regeneration
HPRegen 0.26/turn                (no ring)
MPRegen 0.55/turn                (no ring)

@: very quick
A: very small, no large weapons, unfitting armour, see invisible, speed 3
a: no special abilities


You were on level 7 of the Dungeon.
You visited 1 branch of the dungeon, and saw 5 of its levels.
You also visited: Sewer.

You collected 130 gold pieces.

Inventory:

Hand Weapons
 a - a +1 short sword of draining (weapon)
 h - a +1 dagger
 x - a +9 club
 z - a +4 quarterstaff of chaos
Missiles
 e - 7 curare-tipped darts (quivered)
 l - 2 throwing nets
 n - 19 poisoned darts
 D - 3 silver boomerangs
Armour
 t - an orb of wrath
 y - a +2 robe of positive energy (worn)
 A - a +0 cloak (worn)
Jewellery
 C - an amulet of magic regeneration (around neck)
Wands
 b - a wand of polymorph (4)
 u - a wand of roots (6)
 w - a wand of light (7)
 I - a wand of flame (17)
Scrolls
 d - 2 scrolls of immolation {unknown}
 j - a scroll of magic mapping {unknown}
 o - 5 scrolls of fear {unknown}
 q - a scroll of noise {unknown}
 r - a scroll of teleportation {unknown}
 s - a scroll of brand weapon {unknown}
 v - a scroll of poison {unknown}
 B - 2 scrolls of butterflies {unknown}
 F - a scroll of blinking {unknown}
Potions
 c - 3 potions of invisibility
 f - 4 potions of curing {unknown}
 g - 3 potions of lignification {unknown}
 i - 2 potions of might {unknown}
 k - 3 potions of brilliance {unknown}
 m - 2 potions of cancellation {unknown}
 p - 2 potions of heal wounds
 E - a potion of mutation
 G - a potion of attraction
 J - a potion of ambrosia


   Skills:
 + Level 1.4 Fighting
 + Level 4.9 Short Blades
 + Level 0.1 Throwing
 + Level 4.4 Dodging
 + Level 8.7 Stealth
 + Level 4.7 Spellcasting
 + Level 5.7 Hexes
 + Level 2.7 Ice Magic


You had 14 spell levels left.
You knew the following spells:

 Your Spells              Type           Power      Damage    Failure   Level
a - Ensorcelled Hibernat  Hex/Ice        34%        N/A       4%          2

Your spell library contained the following spells:

 Spells                   Type           Power      Damage    Failure   Level
 Confusing Touch          Hex            22%        N/A       4%          3
 Tukima's Dance           Hex            22%        N/A       4%          3
 Dazzling Flash           Conj/Hex       24%        N/A       14%         3


Dungeon Overview and Level Annotations

Branches:
Dungeon (7/15)              Sewer (visited)
 Temple: D:4-7

Altars:

Shops:
D:2 *

Portals:
Bailey: D:7


Innate Abilities, Weirdness & Mutations

You are very small and have problems with some larger weapons.
You are too small for most types of armour.
You have supernaturally acute eyesight. (SInv)
You cover ground extremely quickly. (Speed+++)


Message History

You hit the steam dragon but do no damage.
The steam dragon is heavily wounded.
The steam dragon completely misses you. The steam dragon barely misses you.
You hit the steam dragon. You drain the steam dragon.
The steam dragon is severely wounded.
The goblin closely misses you. x2
The steam dragon bites you but does no damage.
The steam dragon completely misses you.
You hit the steam dragon.
The steam dragon is severely wounded.
The goblin misses you.
The goblin hits you from afar with a +0 spear.
You hit the steam dragon. You drain the steam dragon.
The steam dragon is almost dead.
An orc priest comes into view. It is wielding a +0 dagger.
The steam dragon bites you but does no damage.
The steam dragon closely misses you. The goblin completely misses you. x2
The goblin closely misses you.
You hit the steam dragon but do no damage.
The steam dragon is almost dead.
The steam dragon breathes steam at you. The ball of steam hits you!
* * * LOW HITPOINT WARNING * * *
You hear a shout!
You closely miss the steam dragon.
The steam dragon is almost dead.
You are engulfed in a cloud of scalding steam.
* * * LOW HITPOINT WARNING * * *
The goblin hits you from afar with a +0 spear.
* * * LOW HITPOINT WARNING * * *
The goblin barely misses you. The goblin completely misses you.
The steam dragon bites you but does no damage.
The steam dragon barely misses you. The goblin completely misses you.
The goblin barely misses you.
The goblin is engulfed in a cloud of scalding steam.
The goblin dies!
The goblin misses you. The steam dragon breathes steam at you.
The ball of steam hits you!
You die...

#..≈.>.≈.#
#o.≈≈~≈≈.#
#.)......#
#........#
######..gg....#
#......Dg.....#
....##..§......#
.. #...§....###
#...@....#
#........#
#....<...#
#........#
...........#
##########.# .#
.# .#


You could see an orc priest and 3 goblins.

Vanquished Creatures
  Sigmund (D:3)
  A phantom (D:6)
  3 kobold brigands (Sewer)
  A bullfrog (D:6)
  A gnoll sergeant (D:6)
  3 scorpions (D:6)
  An orc priest (D:3)
  A jelly (D:6)
  Crazy Yiuf (D:3)
  An iguana (D:6)
  Jessica (D:3)
  A gnoll bouda (D:6)
  9 gnolls
  8 adders
  An ufetubus (D:6)
  6 worms
  6 orcs
  3 bats
  2 endoplasms (Sewer)
  2 giant cockroaches
  2 hobgoblins
  4 kobolds
  4 quokkas
  6 ball pythons
  5 frilled lizards
  11 rats
85 creatures vanquished.

Vanquished Creatures (others)
  A goblin (D:7)
1 creature vanquished.

Grand Total: 86 creatures vanquished

Notes
Turn   | Place    | Note
-------+----------+-------------------------------------------
     0 | D:1      | koil the Spriggan Enchanter began the quest for the Orb.
     0 | D:1      | Reached XP level 1. HP: 9/9 MP: 5/5
   269 | D:1      | Reached XP level 2. HP: 13/13 MP: 6/6
   272 | D:1      | Learned a level 2 spell: Ensorcelled Hibernation
   907 | D:2      | Found Plog's Assorted Antiques.
  1030 | D:2      | Reached XP level 3. HP: 16/16 MP: 8/8
  1257 | D:2      | Reached skill level 5 in Stealth
  1615 | D:3      | Reached skill level 6 in Stealth
  1702 | D:3      | Reached XP level 4. HP: 21/21 MP: 0/9
  1919 | D:3      | Noticed Sigmund
  1935 | D:3      | Killed Sigmund
  1936 | D:3      | Reached XP level 5. HP: 25/25 MP: 5/10
  2161 | D:3      | Reached skill level 7 in Stealth
  2305 | D:3      | Reached XP level 6. HP: 24/29 MP: 4/12
  2428 | D:3      | Noticed Jessica
  2432 | D:3      | Killed Jessica
  2433 | D:3      | Reached skill level 1 in Ice Magic
  2454 | D:3      | Found a runed translucent door.
  2455 | D:3      | Noticed Crazy Yiuf
  2461 | D:3      | Killed Crazy Yiuf
  2546 | D:3      | You fall into a shaft and drop 3 floors!
  2601 | D:6      | Reached skill level 5 in Hexes
  2741 | D:6      | Found a glowing drain.
  2761 | Sewer    | Entered a sewer
  2780 | Sewer    | Reached skill level 1 in Fighting
  2969 | Sewer    | Reached XP level 7. HP: 24/33 MP: 13/13
  3258 | Sewer    | Reached skill level 8 in Stealth
  3668 | D:6      | Reached XP level 8. HP: 28/37 MP: 12/15
  4251 | D:7      | Found a flagged portal.
  4271 | D:7      | Killed from afar by a steam dragon

Illustrated notes

Levels and vault maps discovered:
D:1:      minmay_arrival_stone_box, layout_basic
D:2:      layout_basic, serial_shops, nicolae_shop_hallway_plus
D:3:      layout_loops_ring, uniq_crazy_yiuf_cottage, uniq_sigmund, uniq_jessica
D:6:      layout_basic, portal_sewer_entry_b
D:7:      layout_basic, lemuel_temple_firewalk_b, enter_bailey_5, uniq_maggie

Skill      XL: |  1  2  3  4  5  6  7 |
---------------+----------------------+-----
Hexes          | 4 5 |  5.7
Stealth        | 6 7 8 |  8.7
Short Blades   | 3 4 |  4.9
Dodging        | 3 4 |  4.4
Spellcasting   | 3 4 |  4.7
Ice Magic      | 1 2 |  2.7
Fighting       | 1 |  1.4
Throwing       | |  0.1

Action                   |  1- 3 |  4- 6 |  7- 9 || total
-------------------------+-------+-------+-------++-------
Melee: Dagger            |    12 |       |       ||    12
       Short sword       |    49 |   105 |   103 ||   257
       Punch             |     1 |     1 |     2 ||     4
Throw: Dart              |     4 |       |       ||     4
 Cast: Ensorcelled Hiber |     4 |     8 |    35 ||    47
  Use: Scroll            |       |       |     5 ||     5
       Potion            |       |       |     1 ||     1
 Stab: Sleeping          |    10 |    12 |    13 ||    35
       Distracted        |     1 |       |       ||     1
Armor: Robe              |     3 |     9 |    17 ||    29
Dodge: Dodged            |    47 |    46 |   104 ||   197

Table legend: (Time is in decaauts)
 A = Elapsed time spent in this place.
 B = Non-inter-level travel time spent in this place.
 C = Inter-level travel time spent in this place.
 D = Time resting spent in this place.
 E = Time spent auto-exploring this place.
 F = Levels seen in this place.
 G = Mean time per level.
                   A        B        C        D        E       F      G
               +--------+--------+--------+--------+--------+-----+--------+
         Total |   3012 |   2913 |     99 |    113 |   1943 |   6 |  502.0 |
       Dungeon |   2518 |   2419 |     99 |     47 |   1773 |   5 |  503.6 |
         Sewer |    494 |    494 |      0 |     66 |    169 |   1 |  494.0 |
               +--------+--------+--------+--------+--------+-----+--------+

Top non-repeatable levels by time:
     D:6: 790 daAuts
     D:3: 704 daAuts
     D:1: 557 daAuts
   Sewer: 494 daAuts
     D:2: 447 daAuts
     D:7: 17 daAuts
